 Dungeon Crawl Stone Soup version 0.30-a0-52-g86a8295270 (webtiles) character file.

Game seed: 3679152681714749177

1 MrFrogsmire the Covered (level 1, -2/14 HPs)
             Began as a Meteoran Wanderer on Sept 7, 2022.
             Slain by a ball python (3 damage)
             ... on level 1 of the Dungeon.
             The game lasted 00:01:20 (88 turns).

MrFrogsmire the Covered (Meteoran Wanderer)           Turns: 88, Time: 00:01:20

Health: -2/14      AC:  7    Str: 12    XL:     1   Next: 28%
Magic:  1/3        EV:  5    Int: 12    God:
Gold:   0          SH:  0    Dex: 15    Spells: 1/2 levels left

rFire   . . .      SeeInvis .    a - +0 dagger
rCold   . . .      Faith    .    (no shield)
rNeg    . . .      Spirit   .    b - +0 scale mail
rPois   .          Reflect  .    (no helmet)
rElec   .          Harm     .    (no cloak)
rCorr   .          Rampage  .    (no gloves)
Will    .....                    (no boots)
Stlth   ..........               (no amulet)
HPRegen 0.04/turn                (no ring)
MPRegen 0.08/turn                (no ring)

@: glowing, constricted
A: sense surroundings 1, otherworldly, glowing, explore regen
a: no special abilities


You were on level 1 of the Dungeon.
You visited 1 branch of the dungeon, and saw 1 of its levels.

Inventory:

Hand Weapons
 a - a +0 dagger (weapon)
Armour
 b - a +0 scale mail (worn)
Scrolls
 e - 2 scrolls of teleportation {unknown}
Potions
 c - a potion of lignification
 f - a potion of haste {unknown}
Miscellaneous
 d - a phial of floods (inert) (quivered)


   Skills:
 + Level 4.9 Armour
 + Level 1.3 Spellcasting
 + Level 2.4 Air Magic
 + Level 3.6 Evocations


You had one spell level left.
You knew the following spells:

 Your Spells              Type           Power      Damage    Failure   Level
a - Shock                 Conj/Air       12%        1d3       63%         1

Your spell library contained the following spells:

 Spells                   Type           Power      Damage    Failure   Level
 Mephitic Cloud           Conj/Pois/Air  2%         N/A       96%         3


Dungeon Overview and Level Annotations

Branches:
Dungeon (1/15) Zot: 510

Altars:


Innate Abilities, Weirdness & Mutations

You passively map a small area around you.
You are easily found by Zot.
You glow in the dark.
You regain HP and MP as you explore.


Message History

The ball python bites you. The ball python constricts you.
The goblin hits you but does no damage.
The hobgoblin hits you but does no damage.
The ball python bites you.
The phial of floods is presently inert.
The phial of floods is presently inert.
You escape the ball python's grasp.
The hobgoblin barely misses you.
The ball python bites you but does no damage.
The ball python grabs you. The ball python constricts you.
Your magical contamination has completely faded away.
The ball python's grasp on you weakens, but your attempt to escape fails.
The goblin barely misses you.
The hobgoblin hits you but does no damage.
The ball python bites you but does no damage.
The ball python constricts you.
You escape the ball python's grasp.
The hobgoblin attacks as you move away! The hobgoblin barely misses you.
The ball python bites you. The ball python grabs you.
The ball python constricts you.
You barely miss the hobgoblin.
The hobgoblin is severely wounded.
The ball python bites you but does no damage.
The ball python constricts you.
The hobgoblin hits you but does no damage.
A rat comes into view.
The ball python bites you but does no damage.
The ball python constricts you.
You hit the hobgoblin but do no damage.
The hobgoblin is severely wounded.
The ball python bites you but does no damage.
The hobgoblin hits you but does no damage.
The ball python barely misses you. The ball python constricts you.
You completely miss the hobgoblin.
The hobgoblin is severely wounded.
The ball python bites you but does no damage.
The hobgoblin hits you.
* * * LOW HITPOINT WARNING * * *
The ball python bites you but does no damage.
The ball python constricts you.
You barely miss the ball python. The ball python bites you.
You die...

,, , ,, #.#
#####..######
* , , #.#
#####........
, ##.#
#.......#####
* , #..#
#.###.#..# #
#..# #.#
#.##.# * ,
#.#..# #.# #.#
...
..###.#..###.#
#.. ....
.............#
#.. ....#
.#@S###.# #...
...#
...####gS....#
#... , ,
......JgK....#
,, ,,
...####.....##
, , * #.....#*
* , ,
***#..r..# ,
,.........#
.....[.......
,
...........#.#


You could see an endoplasm, a hobgoblin, a goblin, 2 ball pythons, a kobold and
a rat.

Vanquished Creatures
  An endoplasm (D:1)
1 creature vanquished.

Notes
Turn   | Place    | Note
-------+----------+-------------------------------------------
     0 | D:1      | MrFrogsmire the Meteoran Wanderer began the quest for the
                  | Orb.
     0 | D:1      | MrFrogsmire set off with the following items: a +0 dagger,
                  | a +0 scale mail, a potion of lignification, a phial of
                  | floods; and the following spell memorised: Shock; and the
                  | following spells available to memorise: Mephitic Cloud.
     0 | D:1      | Reached XP level 1. HP: 14/14 MP: 3/3
    88 | D:1      | Slain by a ball python

Illustrated notes

Levels and vault maps discovered:
D:1:      dpeg_arrival_rooms_b, layout_basic, serial_shops,
          nicolae_lakefront_shop, minmay_ruptured

Action                   || total
-------------------------++-------
Melee: Dagger            ||    12
 Cast: Shock             ||     2
Evoke: Phial of floods   ||     1
Armor: Scale mail        ||    25
Dodge: Dodged            ||     9

Table legend: (Time is in decaauts)
 A = Elapsed time spent in this place.
 B = Non-inter-level travel time spent in this place.
 C = Inter-level travel time spent in this place.
 D = Time resting spent in this place.
 E = Time spent auto-exploring this place.
 F = Levels seen in this place.
 G = Mean time per level.
                   A        B        C        D        E       F      G
               +--------+--------+--------+--------+--------+-----+--------+
         Total |     88 |     24 |     64 |      0 |      0 |   1 |   88.0 |
       Dungeon |     88 |     24 |     64 |      0 |      0 |   1 |   88.0 |
               +--------+--------+--------+--------+--------+-----+--------+

Top non-repeatable levels by time:
     D:1: 88 daAuts
